PL
CHICAGO GOLD SOX @ ATLANTA SMOKE
07/30/2021
 
TOP OF THE 1ST
Chicago Gold Sox batting - Pitching for Atlanta Smoke : RHP Christian Bates
Pitching: RHP Christian Bates
Batting: LHB Noel Ballard 0-0: Called Strike
0-1: Ball
1-1: Ball
2-1: Foul Ball, location: 2F
2-2: Foul Ball, location: 2F
2-2: Strikes out looking
Batting: LHB William Wise 0-0: Called Strike
0-1: Called Strike
0-2: Ball
1-2: Strikes out looking
Batting: LHB Herman Hayes 0-0: Called Strike
0-1: Called Strike
0-2: Foul Ball, location: 2F
0-2: Ground out U3 (Groundball, 3S)
Top of the 1st over - 0 run(s), 0 hit(s), 0 error(s), 0 left on base; Chicago 0 - Atlanta 0
BOTTOM OF THE 1ST
Atlanta Smoke batting - Pitching for Chicago Gold Sox : RHP Raúl Areola
Pitching: RHP Raúl Areola
Batting: LHB Albert Morán 0-0: Called Strike
0-1: Swinging Strike
0-2: Foul Ball, location: 2F
0-2: Ball
1-2: Ball
2-2: Strikes out swinging
Batting: RHB Cale Sutton 0-0: Foul Ball, location: 2F
0-1: Foul Ball, location: 2F
0-2: Ball
1-2: Ball
2-2: Ball
3-2: Base on Balls
Batting: LHB Mike Silver 0-0: Swinging Strike
0-1: Swinging Strike
0-2: Strikes out swinging
Batting: RHB Bob Campbell 0-0: Ball
1-0: Swinging Strike
1-1: Ball
2-1: Fly out, F8 (Flyball, 8LD)
Bottom of the 1st over - 0 run(s), 0 hit(s), 0 error(s), 1 left on base; Chicago 0 - Atlanta 0
TOP OF THE 2ND
Chicago Gold Sox batting - Pitching for Atlanta Smoke : RHP Christian Bates
Batting: LHB Michael Neely 0-0: Ball
1-0: Ground out 1-3 (Groundball, 13S)
Batting: LHB Do-hyung Nam 0-0: Ball
1-0: SOLO HOME RUN (Flyball, 9D), Distance : 387 ft
Batting: RHB Chris Smith 0-0: Ball
1-0: Called Strike
1-1: Ball
2-1: Foul Ball, location: 2F
2-2: Foul Ball, location: 2F
2-2: Ground out 5-3 (Groundball, 5)
Batting: RHB Tyrone Scott 0-0: Ball
1-0: Swinging Strike
1-1: Fly out, F9 (Flyball, 9LM)
Top of the 2nd over - 1 run(s), 1 hit(s), 0 error(s), 0 left on base; Chicago 1 - Atlanta 0
BOTTOM OF THE 2ND
Atlanta Smoke batting - Pitching for Chicago Gold Sox : RHP Raúl Areola
Batting: LHB Armando Esparza 0-0: Called Strike
0-1: Called Strike
0-2: Ball
1-2: Foul Ball, location: 2F
1-2: Fly out, F2 (Popup, 25F)
Batting: RHB Nathan Horton 0-0: Called Strike
0-1: DOUBLE (Flyball, 9LS)
Batting: RHB Chae-hyeong Kim 0-0: Ball
1-0: Foul Ball, location: 2F
1-1: Foul Ball, location: 2F
1-2: Ball
2-2: Ball
3-2: Fly out, F4 (Popup, 3DF)
Batting: RHB Daniel Rose 0-0: Called Strike
0-1: Ground out 6-3 (Groundball, 6M)
Bottom of the 2nd over - 0 run(s), 1 hit(s), 0 error(s), 1 left on base; Chicago 1 - Atlanta 0
TOP OF THE 3RD
Chicago Gold Sox batting - Pitching for Atlanta Smoke : RHP Christian Bates
Batting: LHB Alfonso Martínez 0-0: Fly out, F6 (Popup, 56D)
Batting: RHB David Edwards 0-0: Swinging Strike
0-1: Ball
1-1: SINGLE (Groundball, 56)
Batting: LHB Noel Ballard 0-0: Called Strike
0-1: Foul Ball, location: 2F
0-2: Ball
1-2: Ball
2-2: Ball
3-2: Ground out 3-1 (Groundball, 34S)
David Edwards to second
Batting: LHB William Wise 0-0: Fly out, F8 (Flyball, 8LD)
Top of the 3rd over - 0 run(s), 1 hit(s), 0 error(s), 1 left on base; Chicago 1 - Atlanta 0
BOTTOM OF THE 3RD
Atlanta Smoke batting - Pitching for Chicago Gold Sox : RHP Raúl Areola
Batting: LHB Mike Blue 0-0: Ball
1-0: Ground out 3-1 (Groundball, 34)
Batting: LHB Albert Morán 0-0: Ground out U3 (Groundball, 3)
Batting: RHB Cale Sutton 0-0: Foul Ball, location: 2F
0-1: Foul Ball, location: 2F
0-2: Ball
1-2: Strikes out swinging
Bottom of the 3rd over - 0 run(s), 0 hit(s), 0 error(s), 0 left on base; Chicago 1 - Atlanta 0
TOP OF THE 4TH
Chicago Gold Sox batting - Pitching for Atlanta Smoke : RHP Christian Bates
Batting: LHB Herman Hayes 0-0: Swinging Strike
0-1: Ball
1-1: Ball
2-1: Ball
3-1: Called Strike
3-2: Strikes out looking
Batting: LHB Michael Neely 0-0: Called Strike
0-1: Swinging Strike
0-2: SINGLE (Line Drive, 4D)
Batting: LHB Do-hyung Nam 0-0: Called Strike
0-1: Called Strike
0-2: Foul Ball, location: 2F
0-2: Ball
1-2: Foul Ball, location: 2F
1-2: Fly out, F9 (Flyball, 9M)
Batting: RHB Chris Smith 0-0: Foul Ball, location: 2F
0-1: Ball
1-1: Called Strike
1-2: Strikes out swinging
Top of the 4th over - 0 run(s), 1 hit(s), 0 error(s), 1 left on base; Chicago 1 - Atlanta 0
BOTTOM OF THE 4TH
Atlanta Smoke batting - Pitching for Chicago Gold Sox : RHP Raúl Areola
Batting: LHB Mike Silver 0-0: Called Strike
0-1: Ball
1-1: Called Strike
1-2: Ball
2-2: Foul Ball, location: 2F
2-2: SINGLE (Groundball, 34D)
Batting: RHB Bob Campbell 0-0: Foul Ball, location: 2F
0-1: Ball
1-1: Ball
2-1: Ball
3-1: Foul Ball, location: 2F
3-2: Grounds into double play, 6-4-3 (Groundball, 6M)
Batting: LHB Armando Esparza 0-0: Foul Ball, location: 2F
0-1: Called Strike
0-2: Ball
1-2: Ball
2-2: Foul Ball, location: 2F
2-2: Ball
3-2: Fly out, F8 (Flyball, 8RM)
Bottom of the 4th over - 0 run(s), 1 hit(s), 0 error(s), 0 left on base; Chicago 1 - Atlanta 0
TOP OF THE 5TH
Chicago Gold Sox batting - Pitching for Atlanta Smoke : RHP Christian Bates
Batting: RHB Tyrone Scott 0-0: Ground out 5-3 (Groundball, 56)
Batting: LHB Alfonso Martínez 0-0: Ball
1-0: Foul Ball, location: 2F
1-1: Ground out 4-3 (Groundball, 4M)
Batting: RHB David Edwards 0-0: Ball
1-0: Called Strike
1-1: Ball
2-1: Foul Ball, location: 2F
2-2: Ball
3-2: Foul Ball, location: 2F
3-2: Base on Balls
Batting: LHB Noel Ballard 0-0: Called Strike
0-1: Ball
1-1: Swinging Strike
1-2: SINGLE (Line Drive, 8LS)
David Edwards to second
David Edwards to third
Batting: LHB William Wise 0-0: Swinging Strike
0-1: 3-RUN HOME RUN (Flyball, 7D), Distance : 413 ft
Batting: LHB Herman Hayes 0-0: Ball
1-0: Called Strike
1-1: Ball
2-1: Fly out, F8 (Flyball, 78XD)
Top of the 5th over - 3 run(s), 2 hit(s), 0 error(s), 0 left on base; Chicago 4 - Atlanta 0
BOTTOM OF THE 5TH
Atlanta Smoke batting - Pitching for Chicago Gold Sox : RHP Raúl Areola
Batting: RHB Nathan Horton 0-0: Called Strike
0-1: Ball
1-1: Ball
2-1: SINGLE (Line Drive, 6MD)
Batting: RHB Chae-hyeong Kim 0-0: Ball
1-0: Grounds into double play, 1-6-3 (Groundball, 13S)
Batting: RHB Daniel Rose 0-0: Called Strike
0-1: Ball
1-1: Ball
2-1: Foul Ball, location: 2F
2-2: Foul Ball, location: 2F
2-2: Ball
3-2: Fly out, F4 (Popup, 4D)
Bottom of the 5th over - 0 run(s), 1 hit(s), 0 error(s), 0 left on base; Chicago 4 - Atlanta 0
TOP OF THE 6TH
Chicago Gold Sox batting - Pitching for Atlanta Smoke : RHP Christian Bates
Batting: LHB Michael Neely 0-0: Called Strike
0-1: Ball
1-1: Called Strike
1-2: Foul Ball, location: 2F
1-2: Ground out 1-3 (Groundball, 13)
Batting: LHB Do-hyung Nam 0-0: Ball
1-0: Ball
2-0: Called Strike
2-1: Fly out, F3 (Popup, 23)
Batting: RHB Chris Smith 0-0: Called Strike
0-1: Foul Ball, location: 2F
0-2: Foul Ball, location: 2F
0-2: Ball
1-2: Ball
2-2: Ground out 6-3 (Groundball, 6)
Top of the 6th over - 0 run(s), 0 hit(s), 0 error(s), 0 left on base; Chicago 4 - Atlanta 0
BOTTOM OF THE 6TH
Atlanta Smoke batting - Pitching for Chicago Gold Sox : RHP Raúl Areola
Batting: LHB Mike Blue 0-0: Ball
1-0: Called Strike
1-1: Ground out 5-3 (Groundball, 56S)
Batting: LHB Albert Morán 0-0: Foul Ball, location: 2F
0-1: Swinging Strike
0-2: Strikes out swinging
Batting: RHB Cale Sutton 0-0: Ball
1-0: Called Strike
1-1: Swinging Strike
1-2: Ball
2-2: Foul Ball, location: 2F
2-2: Ground out 4-3 (Groundball, 13)
Bottom of the 6th over - 0 run(s), 0 hit(s), 0 error(s), 0 left on base; Chicago 4 - Atlanta 0
TOP OF THE 7TH
Chicago Gold Sox batting - Pitching for Atlanta Smoke : RHP Christian Bates
Batting: RHB Tyrone Scott 0-0: Ball
1-0: Called Strike
1-1: Foul Ball, location: 2F
1-2: Ground out 6-3 (Groundball, 56)
Batting: LHB Alfonso Martínez 0-0: Ball
1-0: Swinging Strike
1-1: Called Strike
1-2: Ball
2-2: Ball
3-2: Foul Ball, location: 2F
3-2: Foul Ball, location: 2F
3-2: Foul Ball, location: 2F
3-2: Ground out 5-3 (Groundball, 56)
Batting: RHB David Edwards 0-0: Ball
1-0: Fly out, F9 (Flyball, 9D)
Top of the 7th over - 0 run(s), 0 hit(s), 0 error(s), 0 left on base; Chicago 4 - Atlanta 0
BOTTOM OF THE 7TH
Atlanta Smoke batting - Pitching for Chicago Gold Sox : RHP Raúl Areola
Batting: LHB Mike Silver 0-0: Ball
1-0: Ball
2-0: Ball
3-0: Fly out, F6 (Line Drive, 6)
Batting: RHB Bob Campbell 0-0: Called Strike
0-1: SINGLE (Groundball, 13) (infield hit)
Batting: LHB Armando Esparza 0-0: Foul Ball, location: 2F
0-1: Swinging Strike
0-2: Grounds into double play, 4-6-3 (Groundball, 4)
Bottom of the 7th over - 0 run(s), 1 hit(s), 0 error(s), 0 left on base; Chicago 4 - Atlanta 0
TOP OF THE 8TH
Chicago Gold Sox batting - Pitching for Atlanta Smoke : RHP Christian Bates
Batting: LHB Noel Ballard 0-0: Called Strike
0-1: Foul Ball, location: 2F
0-2: Ball
1-2: Foul Ball, location: 2F
1-2: Ball
2-2: Foul Ball, location: 2F
2-2: Foul Ball, location: 2F
2-2: Ground out 4-3 (Groundball, 4M)
Batting: LHB William Wise 0-0: Foul Ball, location: 2F
0-1: Ball
1-1: Called Strike
1-2: Strikes out swinging
Batting: LHB Herman Hayes 0-0: Ball
1-0: Ground out 4-3 (Groundball, 4)
Top of the 8th over - 0 run(s), 0 hit(s), 0 error(s), 0 left on base; Chicago 4 - Atlanta 0
BOTTOM OF THE 8TH
Atlanta Smoke batting - Pitching for Chicago Gold Sox : RHP Raúl Areola
Batting: RHB Nathan Horton 0-0: Called Strike
0-1: Foul Ball, location: 2F
0-2: Strikes out swinging
Pitching: RHP Esteban Arroyo
Batting: RHB Chae-hyeong Kim 0-0: Ball
1-0: Called Strike
1-1: SINGLE (Flyball, 89M)
Batting: RHB Daniel Rose 0-0: Ball
1-0: Ball
2-0: SINGLE (Line Drive, 5D)
Chae-hyeong Kim to second
Pitching: RHP Makoto Kato
Batting: LHB Mike Blue 0-0: Called Strike
0-1: Foul Ball, location: 2F
0-2: Fly out, F8 (Line Drive, 8RM)
Pitching: LHP Fernando Castro
Batting: LHB Albert Morán 0-0: Called Strike
0-1: Ball
1-1: Ground out 3-1 (Groundball, 34)
Bottom of the 8th over - 0 run(s), 2 hit(s), 0 error(s), 2 left on base; Chicago 4 - Atlanta 0
TOP OF THE 9TH
Chicago Gold Sox batting - Pitching for Atlanta Smoke : RHP Christian Bates
Batting: LHB Michael Neely 0-0: Foul Ball, location: 2F
0-1: Called Strike
0-2: Ball
1-2: Foul Ball, location: 2F
1-2: Foul Ball, location: 2F
1-2: Strikes out swinging
Batting: LHB Do-hyung Nam 0-0: Hit by Pitch
Batting: RHB Chris Smith 0-0: Called Strike
0-1: Ball
1-1: 2-RUN HOME RUN (Flyball, 89D), Distance : 428 ft
Pitching: RHP Jason McKinney
Batting: RHB Tyrone Scott 0-0: SOLO HOME RUN (Flyball, 78XD), Distance : 439 ft
Batting: LHB Alfonso Martínez 0-0: Ball
1-0: Fly out, F8 (Line Drive, 8RD)
Batting: RHB David Edwards 0-0: Ball
1-0: Foul Ball, location: 2F
1-1: Ball
2-1: Foul Ball, location: 2F
2-2: Ball
3-2: Ground out 6-3 (Groundball, 6)
Top of the 9th over - 3 run(s), 2 hit(s), 0 error(s), 0 left on base; Chicago 7 - Atlanta 0
BOTTOM OF THE 9TH
Atlanta Smoke batting - Pitching for Chicago Gold Sox : LHP Fernando Castro
Now at C: Earnest Veeck
Now at 3B: Carlos Gómez
Now in RF: Daryl Lloyd
Batting: RHB Cale Sutton 0-0: Ground out 4-3 (Groundball, 4)
Batting: LHB Mike Silver 0-0: Called Strike
0-1: Ground out U3 (Groundball, 3L)
Batting: RHB Bob Campbell 0-0: Foul Ball, location: 2F
0-1: SINGLE (Line Drive, 9S)
Batting: LHB Armando Esparza 0-0: Ball
1-0: Ball
2-0: Called Strike
2-1: Ball
3-1: Called Strike
3-2: Strikes out swinging
Bottom of the 9th over - 0 run(s), 1 hit(s), 0 error(s), 1 left on base; Chicago 7 - Atlanta 0
This league is powered by Out of the Park Baseball, the baseball management simulation game for PC, Mac and Linux
Friday, January 22nd, 2016 - OOTP Baseball 16.9 Build 39